 Dungeon Crawl Stone Soup version 0.27-a0-1187-ge80a49f48c (webtiles) character file.

Game seed: 7011030247853257756

22805 Froggeryz the Brawler (level 12, -14/108 HPs)
             Began as a Pale Draconian Berserker on May 20, 2021.
             Was an Elder of Trog.
             Demolished by a yak (40 damage)
             ... on level 6 of the Lair of Beasts.
             The game lasted 00:16:10 (14850 turns).

Froggeryz the Brawler (Pale Draconian Berserker)   Turns: 14850, Time: 00:16:10

Health: -14/108    AC: 16    Str: 22    XL:     12   Next: 66%
Magic:  12/12      EV: 16    Int:  8    God:    Trog [****..]
Gold:   804        SH:  0    Dex: 13    Spells: 11/11 levels left

rFire    . . .     SeeInvis .     - Unarmed
rCold    . . .     Faith    .   (no shield)
rNeg     . . .     Spirit   .   (armour unavailable)
rPois    +         Reflect  .   D - +1 hat {Will+}
rElec    .         Harm     .   o - +1 cloak
rCorr    .         Rampage  .   k - +0 pair of gloves
Will     +++..                  (no boots)
Stlth    +.........             (no amulet)
HPRegen  1.28/turn              C - ring of poison resistance
MPRegen  0.13/turn              y - +4 ring of protection

@: short of breath, sleeping, strong-willed (expiring), regenerating (expiring)
A: breathe steam, AC +8, unfitting armour, cold-blooded, steam resistance
a: Breathe Steam, Renounce Religion, Berserk, Trog's Hand, Brothers in Arms


You were on level 6 of the Lair of Beasts.
You worshipped Trog.
Trog was greatly pleased with you.
You visited 2 branches of the dungeon, and saw 13 of its levels.

You collected 804 gold pieces.

Inventory:

Missiles
 c - 24 poisoned darts (quivered)
 j - 4 boomerangs of dispersal
 r - 2 curare-tipped darts
 t - a throwing net
 w - 3 javelins
Armour
 k - a +0 pair of gloves (worn)
 o - a +1 cloak (worn)
 D - a +1 hat of willpower (worn)
Jewellery
 q - a ring of positive energy
 y - a +4 ring of protection (right hand)
 C - a ring of poison resistance (left hand)
 F - a ring of protection from fire
Wands
 l - a wand of flame (34)
 m - a wand of polymorph (29)
 n - a wand of digging (2)
 v - a wand of acid (17)
 z - a wand of iceblast (23)
 B - a wand of paralysis (22)
Scrolls
 d - 5 scrolls of fear
 e - a scroll of fog
 f - 6 scrolls of teleportation
 i - 3 scrolls of blinking
 s - 4 scrolls of magic mapping
 A - a scroll of immolation
 G - 2 scrolls of enchant armour
Potions
 a - 6 potions of curing
 b - 2 potions of haste
 g - a potion of degeneration {unknown}
 h - a potion of magic {unknown}
 p - 4 potions of heal wounds
 u - 2 potions of lignification {unknown}
 x - 2 potions of mutation
 E - a potion of might {unknown}


   Skills:
 + Level 10.7 Fighting
 + Level 9.0 Dodging
 * Level 15.8 Unarmed Combat
 - Level 5.0 Evocations


You had 11 spell levels left.
You didn't know any spells.
Your spell library was empty.

Dungeon Overview and Level Annotations

Branches:
Dungeon (8/15)             Temple (0/1) D:5            Lair (4/6) D:8
 Shoals (0/4) Lair:3       Spider (0/4) Lair:3

Altars:
Ru
Wu Jian
Xom

Shops:
D:5 ([


Innate Abilities, Weirdness & Mutations

You can breathe blasts of scalding, opaque steam.
Your pale cyan-grey scales are hard. (AC +8)
You cannot fit into any form of body armour.
You are cold-blooded and may be slowed by cold attacks.
You are immune to the effects of steam.


Message History

The ball of steam hits the yak!
The yak is heavily wounded.
Trog accepts your kill.
You feel a bit more experienced. Trog accepts your kill.
You feel a bit more experienced.
The yak is engulfed in a cloud of scalding steam.
Your Dodging skill increases to level 9!
Unknown command.
You hit the yak.
The yak is lightly wounded.
The yak is engulfed in a cloud of scalding steam.
The yak gores you!
You hit the yak.
The yak is lightly wounded.
The yak is engulfed in a cloud of scalding steam. x2
The yak gores you.
* * * LOW HITPOINT WARNING * * *
You hit the yak but do no damage.
The yak is moderately wounded.
You pummel the yak!!
The yak is almost dead.
The yak gores you!
* * * LOW HITPOINT WARNING * * *
You hit the yak but do no damage. You tail-slap the yak.
You kill the yak!
Trog accepts your kill.
You pummel the yak!!
You kill the yak!
Trog accepts your kill.
The dream sheep ruffles its wool and motes of dream dust sparkle, to no effect.
You barely miss the yak. The yak gores you.
* * * LOW HITPOINT WARNING * * *
Okay, then.
You feel the effects of Trog's Hand fading.
Found a cloak.
The dream sheep shakes its wool and sparkles.
You feel drowsy...
You fall asleep.
The yak gores you!!!
You die...

.# P.....
.[#........##..P.# .
...........P#....P ..
#................# ...
#...#.Y........... ....
#.#. #.....# #.... .....
#..###.....####.##
....P.#...##.....P......
.......@YY.Y.†..........
.....#.########.##..####
### ## ####### #


You could see 2 yaks and a dream sheep.

Vanquished Creatures
  Gastronok (Lair:1)
  2 hydras (Lair:3)
  A boulder beetle (Lair:4)
  A catoblepas (Lair:2)
  A lindwurm (Lair:2)
  2 elephants
  6 black mambas
  10 cane toads
  5 komodo dragons
  2 rime drakes
  A troll (D:8)
  2 hornets (D:8)
  A slime creature (D:8)
  4 blink frogs
  Grinder (D:3)
  5 dream sheep
  A snapping turtle (Lair:3)
  A shadow (D:8)
  3 wyverns
  15 yaks
  2 steam dragons
  3 wargs (D:8)
  Edmund (D:6)
  An acid dragon (D:8)
  13 water moccasins
  2 orc warriors (D:8)
  A black bear (D:7)
  2 necrophages
  3 centaurs
  2 ogres (D:5)
  A phantom (D:5)
  A kobold brigand (D:4)
  2 gnoll sergeants (D:7)
  3 scorpions (D:4)
  5 bullfrogs
  A wyvern skeleton (D:7)
  5 killer bees (D:8)
  7 wights (D:8)
  An electric eel (Lair:3)
  A howler monkey (D:8)
  3 centaur zombies
  A bullfrog zombie (D:6)
  4 hounds
  A jelly (D:8)
  5 orc priests
  2 centaur skeletons
  8 orc wizards
  An iguana (D:6)
  Natasha (thrice) (D:3)
  7 adders
  2 howler monkey skeletons
  9 gnolls (D:7)
  2 white imps
  3 adder skeletons (D:4)
  An adder zombie (D:5)
  A worm (D:3)
  4 dart slugs
  34 orcs
  9 bats
  8 endoplasms
  3 giant cockroaches
  6 goblins
  4 hobgoblins
  5 jackals
  5 kobolds
  A quokka (D:2)
  10 ball pythons
  6 frilled lizards
  6 rats
276 creatures vanquished.

Vanquished Creatures (others)
  14 fungi
  33 plants
47 creatures vanquished.

Grand Total: 323 creatures vanquished

Notes
Turn   | Place    | Note
-------+----------+-------------------------------------------
     0 | D:1      | Froggeryz the Draconian Berserker began the quest for the
                  | Orb.
     0 | D:1      | Reached XP level 1. HP: 19/19 MP: 1/1
   331 | D:1      | Reached XP level 2. HP: 26/26 MP: 2/2
   578 | D:2      | Reached skill level 4 in Unarmed Combat
   742 | D:2      | Reached XP level 3. HP: 10/31 MP: 3/3
  1030 | D:2      | Found a sacrificial altar of Ru.
  1573 | D:2      | Reached ** piety under Trog
  1710 | D:2      | Reached XP level 4. HP: 33/38 MP: 4/4
  1811 | D:2      | Reached skill level 5 in Unarmed Combat
  1913 | D:2      | Found a faded altar of an unknown god.
  2589 | D:3      | Noticed Grinder
  2594 | D:3      | Paralysed by Grinder for 3 turns
  2604 | D:3      | Killed Grinder
  2605 | D:3      | Reached skill level 6 in Unarmed Combat
  2605 | D:3      | Reached XP level 5. HP: 45/45 MP: 5/5
  2605 | D:3      | Reached XP level 6. HP: 51/51 MP: 6/6
  2789 | D:3      | Reached skill level 7 in Unarmed Combat
  2791 | D:3      | Noticed Natasha
  2799 | D:3      | Killed Natasha
  3010 | D:3      | Noticed Natasha
  3017 | D:3      | Killed Natasha
  3180 | D:3      | Noticed Natasha
  3188 | D:3      | Killed Natasha
  3275 | D:4      | Found a shimmering altar of Xom.
  3338 | D:4      | Reached skill level 8 in Unarmed Combat
  3338 | D:4      | Your scales start taking on a pale cyan-grey colour.
  3338 | D:4      | Reached XP level 7. HP: 50/57 MP: 7/7
  3338 | D:4      | Gained mutation: You are immune to the effects of steam.
                  | [Pale Draconian growth]
  3478 | D:4      | Reached skill level 1 in Evocations
  3641 | D:4      | Reached *** piety under Trog
  3784 | D:4      | Identified the +1 robe of Spring Thaw {Rampage Will- Str+4
                  | Stlth+}
  4117 | D:5      | Entered Level 5 of the Dungeon
  4130 | D:5      | Reached skill level 9 in Unarmed Combat
  4231 | D:5      | Reached XP level 8. HP: 33/63 MP: 8/8
  4420 | D:5      | Found Zurawaxt's Weapon Shoppe.
  4463 | D:5      | Found Heott's Antique Armour Shoppe.
  4524 | D:5      | Found a staircase to the Ecumenical Temple.
  4785 | D:5      | Found Naoplocuwk's Distillery.
  4885 | D:5      | Reached skill level 10 in Unarmed Combat
  5575 | D:6      | Reached skill level 5 in Evocations
  5600 | D:6      | Noticed Edmund
  5624 | D:6      | Killed Edmund
  6213 | D:7      | Reached XP level 9. HP: 71/71 MP: 9/9
  6330 | D:7      | Reached skill level 11 in Unarmed Combat
  6665 | D:7      | Reached **** piety under Trog
  7715 | D:8      | Reached skill level 5 in Fighting
  8189 | D:8      | Reached skill level 12 in Unarmed Combat
  8391 | D:8      | Paralysed by a hornet for 1 turns
  8399 | D:8      | Reached skill level 5 in Dodging
  8399 | D:8      | Reached XP level 10. HP: 44/83 MP: 10/10
  8706 | D:8      | Paralysed by an orc wizard for 5 turns
  8815 | D:8      | Found a staircase to the Lair.
  9253 | Lair:1   | Entered Level 1 of the Lair of Beasts
  9269 | Lair:1   | Noticed a cane toad
  9277 | Lair:1   | Killed a cane toad
  9386 | Lair:1   | Noticed a cane toad
  9395 | Lair:1   | Killed a cane toad
  9444 | Lair:1   | Reached skill level 13 in Unarmed Combat
  9901 | Lair:1   | Reached XP level 11. HP: 94/94 MP: 11/11
  9989 | Lair:1   | Noticed Gastronok
 10006 | Lair:1   | Killed Gastronok
 10361 | Lair:2   | Noticed a catoblepas
 10383 | Lair:2   | Killed a catoblepas
 10806 | Lair:2   | Noticed a lindwurm
 10812 | Lair:2   | Killed a lindwurm
 10813 | Lair:2   | Reached skill level 14 in Unarmed Combat
 12593 | Lair:3   | Found an ornate altar of the Wu Jian Council.
 12649 | Lair:3   | Noticed an eight-headed hydra
 12683 | Lair:3   | Killed an eight-headed hydra
 12684 | Lair:3   | Reached XP level 12. HP: 105/105 MP: 12/12
 12719 | Lair:3   | Found a hole to the Spider Nest.
 13187 | Lair:3   | Found a staircase to the Shoals.
 13201 | Lair:3   | Reached skill level 15 in Unarmed Combat
 13310 | Lair:3   | Noticed a six-headed hydra
 13314 | Lair:3   | Killed a six-headed hydra
 13611 | Lair:3   | Reached skill level 10 in Fighting
 14357 | Lair:4   | Noticed a boulder beetle
 14382 | Lair:4   | Killed a boulder beetle
 14790 | Lair:4   | You fall into a shaft and drop 2 floors!
 14790 | Lair:6   | Entered Level 6 of the Lair of Beasts
 14850 | Lair:6   | Demolished by a yak

Illustrated notes

Levels and vault maps discovered:
D:1:      minmay_arrival_stair_chambers, layout_basic
D:2:      kb_forest_paths, layout_basic, hellmonk_ecumenical_altar_heavens_door,
          basic_altar, minmay_randomly_rotated_circles
D:3:      layout_loops_ring, serial_bayou_pond_d, uniq_natasha, uniq_grinder
D:4:      minmay_wonky_spiral, layout_rooms, xom_butterflies
D:5:      layout_basic, minmay_temple_entry_mini_moons, serial_shops, shop,
          shop, shop, st_stairs_8, chequers_serial_rivers_micro_c,
          kennysheep_cross_room, minmay_strange_pillars,
          kennysheep_pointless_box
D:6:      layout_basic, uniq_edmund
D:7:      layout_layer_cave
D:8:      layout_basic, erik_lair_orcish_takeover, kennysheep_kite_vault
Lair:1:   layout_hall_layers, hangedman_lair_unloving_vines, uniq_gastronok
Lair:2:   nzn_winding_woodlands_cross [nzn_winding_woodlands_5x15_garden,
          nzn_winding_woodlands_5x15_longhouse, nzn_winding_woodlands_5x15_pool,
          nzn_winding_woodlands_5x15_lazy_stream,
          nzn_winding_woodlands_15x15_thick_spiral], layout_cave_pods
Lair:3:   layout_layer_cave, minmay_shoals_entry_hut,
          spider_nest_entry_web_field, basic_altar
Lair:4:   layout_cave_pods, amcnicky_mini_pool_medium
Lair:6:   minmay_lair_end_enchanted_forest, layout_regular_city,
          dpeg_slime_entry_enclosed_altar, lemuel_fruit_tree,
          infiniplex_staircase_pool_2

Skill      XL: |  1  2  3  4  5  6  7  8  9 10 11 12 |
---------------+-------------------------------------+-----
Unarmed Combat | 4 6 8 9 10 12 13 14 15 | 15.8
Evocations     | 3 5 |  5.0
Dodging        | 3 5 6 8 9 |  9.0
Fighting       | 4 6 7 9 10 | 10.7

Action                   |  1- 3 |  4- 6 |  7- 9 | 10-12 || total
-------------------------+-------+-------+-------+-------++-------
Melee: Unarmed           |   109 |   127 |   299 |   307 ||   842
       Tailslap          |     6 |    10 |    43 |    54 ||   113
       Punch             |       |     3 |    16 |    23 ||    42
Invok: Berserk           |       |     1 |     4 |     4 ||     9
       Trog's Hand       |       |     1 |     2 |     7 ||    10
 Abil: Breathe Steam     |       |       |    18 |    44 ||    62
Evoke: Wand              |       |       |       |     3 ||     3
  Use: Scroll            |     5 |       |     9 |     2 ||    16
       Potion            |     1 |       |     2 |       ||     3
 Stab: Sleeping          |       |     1 |     1 |       ||     2
       Paralysed         |       |       |       |     4 ||     4
Armor: Skin              |    38 |    47 |   104 |    78 ||   267
Dodge: Dodged            |    77 |    53 |   209 |   164 ||   503

Table legend: (Time is in decaauts)
 A = Elapsed time spent in this place.
 B = Non-inter-level travel time spent in this place.
 C = Inter-level travel time spent in this place.
 D = Time resting spent in this place.
 E = Time spent auto-exploring this place.
 F = Levels seen in this place.
 G = Mean time per level.
                   A        B        C        D        E       F      G
               +--------+--------+--------+--------+--------+-----+--------+
         Total |  14802 |  14329 |    473 |   2581 |   9896 |  13 | 1138.6 |
       Dungeon |   9212 |   8848 |    364 |   1846 |   5719 |   8 | 1151.5 |
          Lair |   5590 |   5481 |    109 |    735 |   4177 |   5 | 1118.0 |
               +--------+--------+--------+--------+--------+-----+--------+

Top non-repeatable levels by time:
  Lair:2: 2112 daAuts
     D:2: 1630 daAuts
     D:8: 1574 daAuts
     D:7: 1518 daAuts
  Lair:3: 1379 daAuts
     D:4: 1099 daAuts
  Lair:4: 1027 daAuts
     D:5: 1026 daAuts
     D:3: 1015 daAuts
  Lair:1: 1013 daAuts
     D:6: 796 daAuts
     D:1: 550 daAuts
  Lair:6: 55 daAuts
